 Dungeon Crawl Stone Soup version 0.31-a0-704-g1016066182 (webtiles) character file.

Game seed: 10673813745592387110

667 Conn the Sneak (level 7, -1/45 HPs)
             Began as an Octopode Fire Elementalist on Sept 9, 2023.
             Killed by divine providence
             ... invoked by an orc priest
              (12 damage)
             ... on level 4 of the Dungeon.
             The game lasted 00:07:10 (3750 turns).

Conn the Sneak (Octopode Fire Elementalist)         Turns: 3750, Time: 00:07:20

Health: -1/45      AC: 12    Str:  7    XL:     7   Next: 57%
Magic:  0/13       EV: 14    Int: 19    God:
Gold:   204        SH:  5    Dex: 13    Spells: 4/14 levels left

rFire   . . .        l - +1 mace (protect)
rCold   . . .        (no shield)
rNeg    . . .        (helmet restricted)
rPois   .            o - amulet of reflection
rElec   .            g - ring of resist corrosion
rCorr   +            h - +4 ring of protection
SInv    .            (no ring)
Will    .....        (no ring)
Stlth   ++++         (no ring)
HPRegen 0.27/turn    (no ring)
MPRegen 0.13/turn    (no ring)
                     (no ring)

%: reflection
@: under a protective aura
A: almost no armour, amphibious, 8 rings, camouflage 1, gelatinous body 1,
(nimble swimmer 1), tentacles
a: no special abilities


You were on level 4 of the Dungeon.
You visited 1 branch of the dungeon, and saw 4 of its levels.

You collected 204 gold pieces.

Inventory:

Hand Weapons
 f - a +2 short sword of holy wrath
 l - a +1 mace of protection (weapon)
Jewellery
 g - a ring of resist corrosion (left tentacle)
 h - a +4 ring of protection (right tentacle)
 o - an amulet of reflection (around mantle)
Wands
 p - a wand of flame (23)
Scrolls
 c - 3 scrolls of noise
 i - a scroll of fear
 k - a scroll of silence
Potions
 a - a potion of magic
 b - a potion of heal wounds {unknown}
 d - a potion of attraction {unknown}
 e - 2 potions of brilliance
 j - a potion of lignification
 m - a potion of curing
 n - a potion of mutation


   Skills:
 + Level 2.1 Fighting
 + Level 3.6 Dodging
 + Level 5.0 Stealth
 * Level 4.0 Spellcasting
 * Level 3.8 Conjurations
 + Level 4.2 Fire Magic


You had 4 spell levels left.
You knew the following spells:

 Your Spells              Type           Power      Damage    Failure   Level
a - Foxfire               Conj/Fire      76%        2x1d7     2%          1
b - Scorch                Fire           38%        2d6       3%          2
c - Inner Flame           Hex/Fire       11%        N/A       17%         3
d - Flame Wave            Conj/Fire      19%        2d7       26%         4

Your spell library contained the following spells:

 Spells                   Type           Power      Damage    Failure   Level
 Volatile Blastmotes      Fire/Tloc      22%        2d11      17%         3


Dungeon Overview and Level Annotations

Branches:
Dungeon (4/15)
 Temple: D:4-7

Altars:
Dithmenos
Kikubaaqudgha

Shops:
D:3 !


Innate Abilities, Weirdness & Mutations

You cannot wear most types of armour.
You are amphibious.
You can wear up to eight rings at the same time.
Your skin changes colour to match your surroundings (Stealth+).
Your rubbery body absorbs attacks. (AC +1, EV +1)
((You are camouflaged when in or above water. (Stealth+)))
You have tentacles for arms and can constrict up to eight enemies at once.


Message History

Unknown command.
Casting: Scorch (safe; 3% risk of failure)
Confirm with . or Enter, or press ? or * to list all spells.
Flames lash the ogre.
The ogre is heavily wounded.
The ogre's fire resistance burns away.
You block the orc priest's attack.
Unknown command.
Casting: Scorch (safe; 3% risk of failure)
Confirm with . or Enter, or press ? or * to list all spells.
Flames lash the orc priest.
The orc priest is almost dead.
The orc priest's fire resistance burns away.
The orc priest begins to cast a cantrip, but forgets the words!
Unknown command.
Casting: Scorch (safe; 3% risk of failure)
Confirm with . or Enter, or press ? or * to list all spells.
Flames lash the ogre.
The ogre is burned terribly!
The ogre is almost dead.
The orc priest hits you but does no damage.
Unknown command.
Unknown command.
You hit the ogre but do no damage.
Your weapon exudes an aura of protection.
The ogre is almost dead.
You block the ogre's attack.
The orc priest invokes the aid of Beogh against you.
Pain shoots through your body!
The orc priest mumbles some strange prayers to Beogh against you.
Beogh smites you!
Unknown command.
Unknown command.
Unknown command.
You hit the ogre but do no damage.
The ogre is almost dead.
The orc priest is no longer more vulnerable to fire.
The ogre hits you with a +0 giant spiked club!
* * * LOW HITPOINT WARNING * * *
The orc priest invokes the aid of Beogh against you.
Beogh smites you!
You die...

##..........####.####..#
####....######..## ##..
#...............####.#
#.##.#.###............
#.##...# #.......#..#.
#.###..# #............
#......#..........####
#####..###...........#
#@.# #.......###.÷ #oO#
#.......#####
#...)....########†...
#o...).....######..###
#............#......###
#......................
#.............####.####
##......?...#.##.....##
##...##...## #.......#


You could see an ogre (combustible) and an orc priest.

Vanquished Creatures
  Grinder (D:3)
  An ogre (D:4)
  2 orc priests (D:4)
  3 hounds
  An iguana (D:4)
  3 orc wizards
  6 adders
  2 worms
  A dart slug (D:1)
  7 orcs (D:4)
  6 ball pythons
  3 bats
  7 endoplasms
  A giant cockroach (D:2)
  8 goblins
  6 hobgoblins
  9 jackals
  6 quokkas
  4 frilled lizards
  6 kobolds (D:1)
  3 rats
86 creatures vanquished.

Vanquished Creatures (others)
  204 foxfires
204 creatures vanquished.

Grand Total: 290 creatures vanquished

Notes
Turn   | Place    | Note
-------+----------+-------------------------------------------
     0 | D:1      | Conn the Octopode Fire Elementalist began the quest for the
                  | Orb.
     0 | D:1      | Reached XP level 1. HP: 11/11 MP: 3/3
   236 | D:1      | Reached XP level 2. HP: 17/17 MP: 1/5
   301 | D:1      | Reached skill level 3 in Stealth
   903 | D:1      | Reached XP level 3. HP: 21/21 MP: 4/6
  1387 | D:2      | Learned a level 2 spell: Scorch
  1391 | D:2      | Learned a level 3 spell: Inner Flame
  1569 | D:2      | Reached XP level 4. HP: 27/27 MP: 7/7
  1912 | D:3      | Noticed Grinder
  1950 | D:3      | Killed Grinder
  1951 | D:3      | Reached skill level 1 in Fighting
  1951 | D:3      | Reached skill level 4 in Stealth
  1951 | D:3      | Reached XP level 5. HP: 26/33 MP: 2/9
  1951 | D:3      | Reached XP level 6. HP: 30/38 MP: 2/10
  2419 | D:3      | Found an ancient bone altar of Kikubaaqudgha.
  2482 | D:3      | Found Nufeomon's Distillery.
  3004 | D:3      | Learned a level 4 spell: Flame Wave
  3024 | D:4      | Reached XP level 7. HP: 25/44 MP: 1/12
  3283 | D:4      | Reached skill level 5 in Stealth
  3446 | D:4      | Found a shadowy altar of Dithmenos.
  3750 | D:4      | Killed from afar by an orc priest

Illustrated notes

Levels and vault maps discovered:
D:1:      ldierk_walled_garden_2, layout_loops_corners
D:2:      layout_basic
D:3:      layout_loops_ring, nicolae_kikubaaqudgha_miasma_corner, serial_shops,
          shop, uniq_grinder
D:4:      layout_rooms, old_standard_altar, minmay_temple_entry_nine_rooms,
          hangedman_decor_peaks_small

Skill      XL: |  1  2  3  4  5  6  7 |
---------------+----------------------+-----
Stealth        | 3 4 5 |  5.0
Conjurations   | 2 3 |  3.8
Fighting       | 1 2 |  2.1
Dodging        | 3 |  3.6
Spellcasting   | 3 4 |  4.0
Fire Magic     | 4 |  4.2

Action                     |  1- 3 |  4- 6 |  7- 9 || total
---------------------------+-------+-------+-------++-------
  Melee: Unarmed           |     7 |       |       ||     7
         Tentacles         |     6 |    10 |     1 ||    17
         Constrict         |     5 |     5 |     2 ||    12
         Short sword       |     9 |     8 |       ||    17
         Mace              |       |    44 |    16 ||    60
   Cast: Foxfire           |    47 |    16 |    51 ||   114
         Scorch            |       |    14 |     4 ||    18
    Use: Potion            |       |     4 |       ||     4
         Scroll            |       |       |     6 ||     6
   Stab: Sleeping          |     4 |     6 |     4 ||    14
 Armour: Skin              |     6 |    75 |     3 ||    84
  Dodge: Dodged            |    14 |    48 |     5 ||    67
  Block: Other             |       |     3 |     5 ||     8

Table legend: (Time is in decaauts)
 A = Elapsed time spent in this place.
 B = Non-inter-level travel time spent in this place.
 C = Inter-level travel time spent in this place.
 D = Time resting spent in this place.
 E = Time spent auto-exploring this place.
 F = Levels seen in this place.
 G = Mean time per level.
                   A        B        C        D        E       F      G
               +--------+--------+--------+--------+--------+-----+--------+
         Total |   3773 |   3705 |     68 |    177 |   2637 |   4 |  943.2 |
       Dungeon |   3773 |   3705 |     68 |    177 |   2637 |   4 |  943.2 |
               +--------+--------+--------+--------+--------+-----+--------+

Top non-repeatable levels by time:
     D:3: 1292 daAuts
     D:1: 1234 daAuts
     D:2: 663 daAuts
     D:4: 582 daAuts
